AoeStats
← manteldon

Arabian Desert

510749815Analyzed
1v1 RM · 24h ago on Oct 2, 2026· 28m 5s· 2 players
Game mode
Random Map
Map size
Tiny (2 player)
Population
200
Speed
Normal
Resources
Standard
Victory
Conquest
Starting age
Dark Age
Ending age
Imperial Age
RankedLock teamsTeams togetherTeam positionsShared explorationLock speedFull tech treeHidden civsTurbo modeCheats
Victory
Defeat
🇩🇰 Tupi · Denmark
1882
+12
🇩🇪 Teutons · Germany
1795
-12
manteldon
6:21 Loom
8:45 Feudal Age
9:12 Man-at-Arms
24:10 Castle Age
27:34 Guard Tower
Young Carter
7:26 Loom
7:55 Loom
10:14 Feudal Age
14:09 Castle Age
19:58 Fletching
Connection lost

Rejoining the realm…

Still unreachable

The connection could not be restored.

Session expired

The server has moved on; the page needs a fresh start.